Map: Paladino Terminal LE

Players

randomOmunky - Winner!

  • Race: Zerg Zerg
  • League: Platinum
  • Spawn Location: 5:00

Fropez

  • Race: Protoss Protoss
  • League: Platinum
  • Spawn Location: 9:00

VOD

Have the link to the VOD?

Description

Time

  • Played on: Jan. 28, 2017, 7:06 p.m.
  • Length: 17:43
Show
View Real Time Build Order
Export as new Build Order

randomOmunky Zerg - Winner!

Build Orders: Pool First 

Get SALT Encoding   

  12  0:01  Drone  
  13  0:13  Overlord  
  13  0:18  Drone  
  14  0:31  Drone  
  14  0:33  Drone  
  16  0:38  Drone  
  17  0:57  Spawning Pool  
  16  1:12  Hatchery  
  16  1:18  Drone x2  
  17  1:30  Overlord  
  17  1:31  Drone  
  18  1:49  Zergling x2  
  18  1:53  Zergling x2  
  20  2:07  Zergling x2  
  19  2:30  Drone  
  19  2:31  Drone x2  
  22  2:37  Hatchery  
  22  2:40  Queen  
  23  2:50  Drone  
  23  2:51  Drone  
  25  2:52  Drone x2  
  27  2:59  Queen  
  27  3:02  Drone  
  27  3:03  Drone  
  31  3:07  Extractor  
  30  3:14  Overlord  
  29  3:24  Queen  
  30  3:30  Zergling x4  
  32  3:39  Queen  
  32  3:40  Drone x3  
  37  3:58  Drone x3  
  37  3:59  Overlord  
  37  4:00  Drone x2  
  42  4:06  Overlord  
  42  4:07  Drone  
  40  4:41  Queen x2  
  40  4:42  Queen  
  46  4:49  Drone  
  46  4:50  Overlord, Drone x3  
  46  4:51  Drone x5  
  46  4:52  Drone  
  56  5:03  Roach Warren  
  55  5:09  Extractor  
  55  5:13  Drone x3  
  57  5:14  Spine Crawler, Overlord  
  57  5:18  Pneumatized Carapace  
  58  5:43  Roach x4  
  58  5:45  Roach x4  
  65  6:07  Roach x2  
  65  6:08  Roach x2  
  64  6:24  Roach x3  
  68  6:26  Overlord  
  63  6:40  Roach x2  
  63  6:41  Overlord x3  
  58  7:27  Drone x7  
  58  7:28  Drone x5  
  70  7:35  Spine Crawler  
  70  7:36  Drone x3  
  72  7:43  Extractor, Spore Crawler  
  70  7:48  Spore Crawler  
  69  7:58  Overlord x2  
  69  8:12  Roach x5  
  81  8:13  Roach  
  81  8:28  Drone x2  
  81  8:29  Drone x6  
  81  8:33  Lair  
  89  9:15  Extractor, Drone x7  
  89  9:16  Overlord x3, Drone x3  
  98  9:17  Drone x4  
  98  9:18  Drone  
  98  9:19  Extractor  
  98  9:23  Extractor  
  101  9:28  Overlord x2  
  101  9:33  Spire  
  101  9:36  Spore Crawler  
  99  9:40  Glial Reconstitution  
  99  9:44  Evolution Chamber  
  98  9:45  Evolution Chamber  
  97  9:57  Overlord x2  
  97  10:11  Zerg Ground Armor Level 1, Zerg Missile Weapons Level 1  
  94  10:48  Mutalisk x12  
  100  11:04  Drone x8  
  108  11:32  Queen  
  108  11:37  Spine Crawler  
  109  11:40  Spine Crawler  
  109  11:41  Spine Crawler  
  109  11:44  Zerg Flyer Armor Level 1  
  107  11:49  Drone x4  
  107  11:50  Drone  
  112  12:08  Drone x5  
  114  12:09  Drone x3  
  120  12:25  Zerg Ground Armor Level 2, Zerg Melee Weapons Level 1  
  120  12:36  Queen  
  120  12:41  Queen  
  124  13:02  Drone x2  
  124  13:03  Drone x8  
  132  13:30  Mutalisk  
  132  13:31  Mutalisk x6  
  146  13:38  Zerg Flyer Weapons Level 1  
  126  14:23  Mutalisk x13  
  140  14:45  Overseer  
  140  15:00  Roach, Overlord x2, Hatchery  
  140  15:01  Extractor, Overlord  
  140  15:03  Extractor  
  137  15:11  Overlord x5  
  137  15:12  Overlord  
  137  15:24  Infestation Pit  
  136  15:45  Ravager  
  136  15:46  Ravager x12  
  149  15:58  Roach x8  
  149  15:59  Roach x2  
  167  16:34  Roach x6  
  167  16:35  Roach x4  
  147  17:04  Roach x7  
  147  17:05  Roach x2  
  159  17:15  Roach x4  
Show
View Real Time Build Order
Export as new Build Order

Fropez Protoss 

Build Orders:  

Get SALT Encoding   

  12  0:01  Probe (Chrono Boost)  
  13  0:11  Probe (Chrono Boost)  
  14  0:23  Pylon, Probe (Chrono Boost)  
  15  0:41  Probe (Chrono Boost), Gateway  
  16  0:46  Assimilator  
  16  0:52  Probe (Chrono Boost)  
  17  1:08  Probe (Chrono Boost)  
  18  1:15  Pylon  
  18  1:19  Probe (Chrono Boost)  
  18  1:20  Assimilator  
  19  1:35  Cybernetics Core  
  19  1:38  Probe (Chrono Boost)  
  20  1:41  Pylon  
  20  1:43  Gateway  
  20  1:49  Probe (Chrono Boost)  
  21  1:59  Probe (Chrono Boost)  
  22  2:05  Warp Gate  
  22  2:10  Probe (Chrono Boost)  
  22  2:11  Adept  
  27  2:45  Mothership Core (Chrono Boost)  
  27  3:21  Adept  
  29  3:35  Pylon  
  29  3:47  Nexus  
  29  3:53  Gateway  
  29  3:54  Probe (Chrono Boost), Gateway  
  30  4:06  Probe (Chrono Boost)  
  31  4:10  Gateway x2  
  31  4:13  Twilight Council  
  31  4:14  Pylon  
  31  4:15  Pylon  
  32  4:18  Probe (Chrono Boost)  
  32  4:19  Adept  
  34  4:36  Resonating Glaives  
  34  4:48  Pylon  
  34  4:51  Adept x3  
  40  5:02  Probe (Chrono Boost)  
  40  5:03  Probe (Chrono Boost)  
  42  5:13  Probe (Chrono Boost)  
  44  5:15  Probe (Chrono Boost)  
  44  5:19  Adept x4  
  52  5:27  Probe (Chrono Boost)  
  54  5:29  Probe (Chrono Boost)  
  54  5:32  Assimilator  
  52  5:59  Adept x4  
  52  6:00  Adept  
  48  6:57  Adept  
  48  6:58  Adept x4  
  48  6:59  Probe (Chrono Boost)  
  48  7:00  Probe (Chrono Boost)  
  58  7:01  Assimilator  
  58  7:07  Gateway  
  46  7:09  Gateway  
  46  7:10  Probe (Chrono Boost)  
  46  7:13  Probe (Chrono Boost), Forge  
  46  7:15  Forge  
  48  7:16  Pylon  
  48  7:21  Adept x5  
  58  7:25  Probe (Chrono Boost)  
  58  7:26  Probe (Chrono Boost)  
  60  7:35  Probe (Chrono Boost)  
  62  7:38  Probe (Chrono Boost)  
  62  7:44  Protoss Ground Weapons Level 1  
  62  7:47  Protoss Ground Armor Level 1  
  62  7:48  Robotics Facility  
  62  8:14  Adept x4  
  62  8:15  Adept x3  
  76  8:22  Charge  
  76  8:29  Probe (Chrono Boost)  
  76  8:30  Probe (Chrono Boost)  
  78  8:39  Immortal  
  82  9:07  Stalker  
  82  9:08  Stalker  
  86  9:13  Nexus  
  86  9:15  Pylon  
  86  9:20  Pylon  
  86  9:34  Immortal  
  86  9:37  Stalker  
  92  9:40  Stalker  
  94  10:07  Adept x2  
  94  10:08  Adept x2  
  90  11:14  Protoss Ground Weapons Level 2  
  90  11:15  Stalker x4  
  90  11:16  Stalker  
  92  11:19  Pylon  
  92  11:21  Photon Cannon  
  92  11:22  Pylon  
  92  11:23  Photon Cannon  
  84  11:27  Protoss Ground Armor Level 2  
  84  11:31  Immortal  
  88  11:36  Pylon  
  88  11:38  Pylon  
  88  11:40  Photon Cannon  
  88  11:41  Pylon, Photon Cannon  
  88  11:43  Pylon, Stalker x3  
  88  11:44  Stalker  
  88  11:45  Blink  
  96  11:49  Probe x2 (Chrono Boost)  
  96  11:50  Probe (Chrono Boost)  
  99  11:57  Photon Cannon  
  97  12:17  Stalker x2  
  97  12:18  Stalker  
  103  12:38  Assimilator  
  103  12:41  Assimilator  
  103  12:43  Templar Archives  
  103  12:45  Pylon  
  103  12:50  Photon Cannon, Stalker x4  
  111  13:10  Photon Cannon  
  111  13:30  Pylon  
  111  13:32  High Templar x3  
  111  13:33  High Templar x3  
  123  13:36  Archon  
  123  13:37  Archon x2  
  79  14:21  High Templar x7  
  77  14:27  Photon Cannon  
  77  14:28  Archon, Photon Cannon  
  77  14:29  Archon x2  
  77  14:30  Protoss Shields Level 1  
  69  14:42  Nexus  
  69  14:43  Protoss Ground Weapons Level 3  
  69  14:45  Pylon  
  69  14:50  Photon Cannon  
  69  15:04  High Templar x2  
  69  15:05  High Templar  
  74  15:08  Archon  
  74  15:10  Archon  
  74  15:18  Gateway  
  74  15:20  Gateway  
  74  15:22  Gateway x2  
  74  15:23  Zealot x4  
  82  15:34  Observer  
  83  15:38  Zealot x2  
  83  15:39  Zealot  
  89  15:43  High Templar  
  89  15:44  High Templar  
  89  15:47  Archon  
  89  15:48  Zealot  
  89  15:49  Zealot  
  97  15:55  Observer  
  96  16:09  Stalker  
  98  16:20  Stalker x4  
  106  16:35  Zealot x4  
  106  16:36  Zealot x2  
  114  16:59  Zealot x3  
  114  17:00  Zealot x4  
  114  17:01  Zealot  
Tags
 
Add a new tag
Caveats
  • Supply blocks, unpowered buildings, or Contaminate may cause inaccurate times.
  • Supply counts are checked every 10 seconds.